Map: Cerulean Fall LE

Players

Beardie - Winner!

  • Race: Zerg Zerg
  • League: Master
  • Spawn Location: 1:00

A.I. 1 (Very Easy)

  • Race: Zerg Zerg
  • Spawn Location: 7:00

VOD

Have the link to the VOD?

Description

The +2/+1 Timing example from here: https://sc2swarm.com/2018/08/22/2-base-roach-zvz-by-mcmonroe/

not executed perfectly (second evo and overseer slightly late) but generally correct.

Time

  • Played on: Aug. 30, 2018, 3:49 a.m.
  • Length: 8:17
Show
View Real Time Build Order
Export as new Build Order

Beardie Zerg - Winner!

Build Orders: Hatch First 

Get SALT Encoding   

  12  0:01  Drone  
  13  0:12  Overlord  
  13  0:19  Drone  
  14  0:32  Drone x2  
  16  0:49  Hatchery  
  15  0:52  Drone  
  15  0:55  Drone  
  17  0:59  Drone  
  18  1:09  Extractor  
  17  1:15  Spawning Pool  
  17  1:17  Drone  
  17  1:21  Drone  
  18  1:28  Drone  
  19  1:39  Drone  
  20  1:49  Overlord  
  20  2:02  Queen x2  
  20  2:03  Drone x2  
  26  2:11  Drone  
  26  2:13  Drone  
  28  2:22  Drone  
  29  2:24  Drone  
  30  2:32  Overlord  
  30  2:39  Queen, Lair  
  32  2:46  Drone x3  
  35  2:51  Evolution Chamber  
  35  2:55  Drone  
  35  2:57  Roach Warren  
  35  2:58  Drone  
  36  3:05  Drone x2  
  37  3:13  Overlord  
  37  3:14  Drone x3  
  37  3:19  Extractor  
  39  3:21  Zerg Missile Weapons Level 1, Extractor  
  39  3:24  Drone x2  
  40  3:27  Drone  
  40  3:29  Drone  
  40  3:33  Drone x2  
  44  3:37  Glial Reconstitution  
  44  3:44  Evolution Chamber  
  44  3:47  Drone x4  
  47  3:49  Drone  
  48  4:01  Hatchery  
  47  4:04  Overlord  
  47  4:11  Overlord  
  47  4:13  Roach x2  
  51  4:20  Drone  
  51  4:21  Overlord  
  54  4:24  Roach x2  
  54  4:29  Roach x2  
  60  4:37  Roach x4  
  68  4:42  Zerg Ground Armor Level 1  
  68  4:44  Extractor  
  68  4:45  Drone  
  68  4:49  Drone  
  69  4:53  Drone  
  69  4:54  Drone x3  
  69  4:59  Drone x3  
  76  5:08  Overlord x2  
  76  5:13  Overlord  
  76  5:15  Queen  
  76  5:20  Overlord x2  
  78  5:29  Zerg Missile Weapons Level 2  
  78  5:31  Roach  
  78  5:32  Roach x3  
  78  5:33  Drone  
  78  5:35  Drone  
  88  5:38  Roach  
  88  5:41  Overseer  
  90  5:44  Roach x3  
  90  5:49  Roach  
  98  5:54  Roach x2  
  102  5:58  Overlord  
  102  5:59  Roach  
  102  6:00  Roach x2  
  102  6:03  Roach x2  
  112  6:07  Overlord  
  112  6:08  Roach  
  112  6:10  Ravager  
  115  6:14  Overlord  
  115  6:15  Roach x2  
  115  6:17  Roach  
  121  6:19  Roach  
  121  6:20  Roach  
  125  6:28  Roach x4  
  133  6:32  Overlord  
  133  6:37  Roach  
  133  6:38  Roach x2  
  139  6:41  Ravager x3  
  139  6:43  Overlord  
  142  6:50  Roach x2  
  142  6:51  Roach x3  
  142  6:53  Overlord  
  152  6:57  Overlord  
  152  7:02  Roach  
  152  7:03  Roach x2  
  152  7:07  Roach x2  
  162  7:12  Overlord  
  162  7:13  Roach x2  
  166  7:16  Roach  
  166  7:17  Roach  
  166  7:18  Ravager  
  171  7:22  Overlord  
  171  7:23  Roach  
  171  7:24  Roach  
  171  7:27  Roach  
  177  7:32  Roach x4  
  185  7:38  Overlord  
  185  7:58  Roach x7  
Show
View Real Time Build Order
Export as new Build Order

A.I. 1 (Very Easy) Zerg 

Build Orders: Pool First 

Get SALT Encoding   

  12  0:00  Drone  
  13  0:12  Overlord  
  13  0:17  Drone  
  14  0:35  Spawning Pool  
  14  0:37  Extractor  
  14  0:39  Drone  
  13  0:46  Drone  
  14  0:51  Overlord  
  14  1:22  Zergling x2  
  14  1:23  Queen  
  17  1:32  Roach Warren  
  16  1:33  Extractor  
  16  1:38  Drone  
  16  1:39  Zergling x2  
  17  1:45  Drone  
  18  1:56  Zergling x2  
  18  1:59  Drone  
  20  2:10  Drone  
  21  2:20  Drone  
  22  2:30  Drone  
  22  2:31  Overlord  
  23  2:37  Drone  
  24  2:44  Drone  
  25  5:37  Drone  
  25  5:38  Lair  
  26  5:44  Drone  
  27  5:52  Drone  
  28  5:59  Drone  
  28  6:00  Overlord  
  28  6:02  Zergling x2  
  28  6:06  Drone  
  28  6:13  Drone  
  29  6:27  Zergling x2  
  30  6:38  Overseer  
  30  6:39  Overseer, Spire  
  29  6:51  Zergling x2  
  29  7:15  Zergling x2  
  30  7:18  Hatchery  
  30  7:19  Drone  
  30  7:50  Zergling x2  
  28  8:05  Drone  
Tags
 
Add a new tag
Caveats
  • Supply blocks, unpowered buildings, or Contaminate may cause inaccurate times.
  • Supply counts are checked every 10 seconds.